 Dungeon Sprint DCSS version 0.04.2-19-ga012a504bd (webtiles) character file.

Game seed: 10151445792867529730, levelgen mode: deterministic

119 diana the Thaumaturge (level 4, -4/24 HPs) Deep Elf Fire Elementalist. Began on May 23, 2021. Was an Initiate of Vehumet. Shot with a bolt by a yaktaur (13 damage) ... in the Dungeon (Sprint V: "Ziggurat Sprint"). The game lasted 00:03:30 (242 turns).

diana the Thaumaturge (Deep Elf Fire Elementalist)   Turns: 242, Time: 00:03:31

Health: -4/24      AC:  2    Str:  5    XL:     4 ^: 25
Magic:  23/24      EV: 13    Int: 37    God:    Vehumet [0* [26]]
Gold:   0          SH:  0    Dex: 15    Spells: 22/23 levels left

rFire    . . .     Vision   .   D - +6 Majin-Bo {vampiric, corrupt archmagi; MP+6 Int+6}
rCold    . . .     Gourm    .   (no weapon)
rNeg     . . .     Faith    .   a - +0 robe
rPois    .         Spirit   .   (no helmet)
rElec    .         Reflect  .   (no cloak)
rCorr    .         Harm     .   (no gloves)
MR       .....     NoTele   +   (no boots)
Stlth    ++........             (no amulet)
HPRegen  0.18/turn              v - ring of intelligence
MPRegen  0.34/turn              w - ring of intelligence

@: no status effects
A: no striking features
a: Renounce Religion


You were in the Dungeon.
You worshipped Vehumet.
Vehumet was noncommittal.
You were not hungry.

You visited 1 branch

Inventory:

Weapons
 E - the +7 Singing Sword {slice, sonic wave}
   (You found it in the Dungeon)

   It inflicts extra damage upon your enemies.
   Shields
 l - a +3 buckler
Armour
 a - a +0 robe (worn)
Magical Staves
 D - the +6 Majin-Bo (weapon) {vampiric, corrupt archmagi; MP+6 Int+6}
   (You found it in the Dungeon)

   [staff of ]

   Base accuracy: +5 Base damage: 5 Base attack delay: 1.2 This weapon's minimum
   attack delay (0.6) is reached at skill level 12.
   The minimum and maximum damage of damaging spells cast with this staff are
   significantly increased.
   It falls into the 'Staves' category.
   It is one handed.
   Its enchantment grants additive spellpower to the spells it enhances.
Jewellery
 t - an uncursed ring of dexterity
 u - an uncursed ring of dexterity
 v - a ring of intelligence (left hand)
 w - a ring of intelligence (right hand)
 x - an uncursed ring of strength
 y - an uncursed ring of strength
Wands
 z - a wand of disintegration (7)
 A - a wand of iceblast (7)
 B - a wand of acid (7)
Scrolls
 i - 4 scrolls of blinking
 o - 4 scrolls of amnesia
 p - 7 scrolls of fog
 q - a scroll of holy word
 r - 5 scrolls of bless item
 s - 2 scrolls of fear
Potions
 b - 2 potions of brilliance
 d - 10 potions of curing
 e - 9 potions of heal wounds
 f - 6 potions of haste
 g - 7 potions of magic
 h - 3 potions of berserk rage
 j - 2 potions of invisibility
 k - 4 potions of resistance
 m - 5 potions of agility
 n - 5 potions of might
Miscellaneous
 C - a crystal ball of energy
Comestibles
 c - 6 rations


   Skills:
 - Level 2.4 Dodging
 - Level 2.4 Stealth
 + Level 10.3 Spellcasting
 + Level 9.0 Fire Magic


You had 22 spell levels left.
You knew the following spells:

 Your Spells              Type           Power        Failure   Level  Hunger
a - Foxfire               Fire           25 (25)      1%          1    None

Your spell library contained the following spells:

 Spells                   Type           Power        Failure   Level  Hunger
 Searing Ray              Fire           50 (50)      1%          2    None
 Conjure Flame            Fire           100 (100)    1%          3    None
 Inner Flame              Hex/Fire       86 (100)     1%          3    None
 Fireball                 Fire           109 (200)    1%          5    #......
 Sticky Flame             Fire/Pois      86 (100)     3%          4    None


Dungeon Overview and Level Annotations

Branches:
Dungeon (1/1)

Altars:
Ashenzari
Cheibriados
Dithmenos
Elyvilon
Fedhas Madash
Gozag Ym Sagoz
Hepliaklqana
Kikubaaqudgha
Makhleb
Nemelex Xobeh
Okawaru
Qazlal
Ru
Sif Muna
Trog
Uskayaw
Vehumet
Wu Jian
Xom
Yredelemnul
Zin
The Shining One Bahamut & Tiamat
Beogh
Jiyva
Lugonu

Annotations:
D 1 transporter


Message History

There is a transporter here.
Okay, then.
Welcome to arena 2.
You enter the transporter and appear at another place.
A centaur and 2 yaktaurs come into view.
The yaktaur shouts!
The centaur shouts!
The yaktaur wields a +0 arbalest of freezing.
It is covered in frost.
The yaktaur shoots a bolt.
Found three items.
Found a transporter.
Casting: Foxfire (safe; 1% risk of failure)
Confirm with . or Enter, or press ? or * to list all spells.
You feel a dreadful surge of power!
Some ephemeral spirits of chaos come forth from the void!
The yaktaur wields a cursed +0 arbalest of molten steel {(Curse: Fragile)}.
The surface melts into red hot liquid metal!
The yaktaur shoots a bolt.
The bolt pierces through you (13)!
Ouch! That really hurt!
The bolt burns you (13)!
Ouch! That really hurt!
You die...

▓▓▓▓▓▓▓▓▓▓▓▓▓
▓.8©8.▓.8©8.▓
▓.)[c.▓.....▓
▓.c...▓.=.).▓
▓..c..▓.....▓
▓.....▓.....▓
▓.*...▓..©..▓
▓.*@..▓▓▓▓▓▓▓
▓▓▓▓▓▓▓


You could see 2 yaktaurs and a centaur.

Vanquished Creatures
  A phantom (D)
  An adder skeleton (D)
2 creatures vanquished.

Vanquished Creatures (others)
  14 ephemeral spirits (D)
14 creatures vanquished.

Grand Total: 16 creatures vanquished

Notes
Turn   | Place    | Note
-------+----------+-------------------------------------------
     0 | D        | diana the Deep Elf Fire Elementalist began the quest for
                  | the Orb.
     0 | D        | Reached XP level 1. HP: 10/10 MP: 6/6
     0 | D        | Found a shimmering blue altar of Sif Muna.
     0 | D        | Found a sacrificial altar of Ru.
     0 | D        | Found a bloodstained altar of Trog.
     0 | D        | Found a stormy altar of Qazlal.
     0 | D        | Found an iron altar of Okawaru.
     0 | D        | Found a sparkling altar of Nemelex Xobeh.
     0 | D        | Found a blossoming altar of Fedhas.
     1 | D        | Found the +6 Majin-Bo {vampiric, corrupt archmagi; MP+6
                  | Int+6}
     1 | D        | Found the +9 ballista "Sniper" {velocity, Acc+∞ +Vis}
     1 | D        | Found the +10 dark maul {crush}
     1 | D        | Found the +15 Maxwell's patent armour {-Cast -Tele rElec
                  | MR+ rCorr}
     1 | D        | Found the +18 shield of the Gong {rElec rN+ MR+ EV-5}
     1 | D        | Found the +14 obsidian axe {chop, +Fly +Vis Soulbond}
     1 | D        | Found the +7 great mace "Firestarter" {inner flame, rF++}
     1 | D        | Found the +6 shillelagh "Devastator" {shatter}
     1 | D        | Found the +11 plutonium sword {*Contam Stlth-}
     1 | D        | Found the +8 lance "Wyrmbane" {slay drac, rPois rF+ rC+
                  | AC+3}
     1 | D        | Found the +9 sword of Zonguldrok {reap}
     1 | D        | Found the +13 scythe of Curses {drain, Soulbond}
     1 | D        | Found the +0 sword of Power
     1 | D        | Found the +7 mace of Variability {chain chaos}
     1 | D        | Found the +7 Singing Sword {slice, sonic wave}
     1 | D        | Found the +8 storm bow {elec, penet}
     2 | D        | Found a transporter.
     2 | D        | Found an ancient bone altar of Kikubaaqudgha.
     2 | D        | Found a viscous altar of Jiyva.
     2 | D        | Found a corrupted altar of Lugonu.
     2 | D        | Found a hazy altar of Hepliaklqana.
     2 | D        | Found a burning altar of Makhleb.
     2 | D        | Found an opulent altar of Gozag.
    68 | D        | Became a worshipper of Vehumet
    95 | D        | Reached skill level 7 in Spellcasting
    95 | D        | Reached XP level 2. HP: 15/15 MP: 6/12
   149 | D        | Entered arena 2.
   149 | D        | Noticed a phantom
   149 | D        | Found a transporter.
   159 | D        | Killed a phantom
   159 | D        | Reached skill level 10 in Spellcasting
   159 | D        | Reached XP level 3. HP: 7/19 MP: 13/16
   159 | D        | Reached XP level 4. HP: 9/24 MP: 14/18
   241 | D        | Entered arena 3.
   241 | D        | Noticed a yaktaur
   241 | D        | Noticed a yaktaur
   241 | D        | Found a transporter.
   242 | D        | Shot with a bolt by a yaktaur

Levels and vault maps discovered:
D:        sprint_v [room_start, room_1, room_2, room_3, room_4, room_5, room_6,
          room_7, room_8, room_9, room_10, room_11, room_12, room_13, room_14,
          room_15, room_16, room_17, room_18, room_19, room_20, room_21,
          room_22, room_23, room_24, room_25, room_26, room_27]

Skill      XL: |  1  2 |
---------------+-------+-----
Spellcasting   | 7 10 | 10.3
Fire Magic     | 6 9 |  9.0
Dodging        | |  2.4
Stealth        | |  2.4

Action                   |  1- 3 |  4- 6 || total
-------------------------+-------+-------++-------
Melee: Staff             |     1 |       ||     1
       Unarmed           |     1 |       ||     1
 Cast: Foxfire           |     7 |     1 ||     8
  Use: Potion            |     2 |       ||     2
  Eat: Ration            |     1 |       ||     1
Dodge: Dodged            |     1 |     1 ||     2
